AoeStats
← HoundDog914030

Arena

505531501Analyzed
2v2 RM · 24d ago on Sep 9, 2026· 55m 43s· 4 players
Game mode
Random Map
Map size
Medium (4 player)
Population
200
Speed
Normal
Resources
Standard
Victory
Conquest
Starting age
Dark Age
Ending age
Imperial Age
RankedLock teamsTeams togetherTeam positionsShared explorationLock speedFull tech treeHidden civsTurbo modeCheats
Victory
Defeat
🇬🇧 Persians · United Kingdom
821
+15
🇬🇧 Poles · United Kingdom
819
+15
🇫🇷 Hindustanis · France
806
-15
🇫🇷 Saracens · France
801
-15
THYMA
2:23 Loom
2:53 Loom
3:19 Loom
10:22 Feudal Age
11:00 Double-Bit Axe
10:58 Horse Collar
16:41 Gold Mining
20:30 Castle Age
18:24 Stone Mining
22:00 Gold Shaft Mining
21:27 Heavy Plow
21:42 Bow Saw
24:57 Wheelbarrow
26:37 Hand Cart
31:58 Imperial Age
30:45 Forging
30:36 Scale Mail Armor
30:41 Scale Barding Armor
30:27 Fletching
30:38 Padded Archer Armor
34:10 Two-Man Saw
34:02 Capped Ram
35:10 Ballistics
35:51 Chemistry
36:50 Husbandry
37:15 Town Watch
38:31 Iron Casting
38:17 Chain Barding Armor
38:41 Elite Mameluke
39:05 Siege Ram
41:04 Elite Mameluke
42:56 Caravan
44:34 Plate Barding Armor
43:55 Bodkin Arrow
45:17 Leather Archer Armor
44:28 Elite Skirmisher
46:44 Bracer
47:35 Chain Mail Armor
51:05 Blast Furnace
52:36 Ring Archer Armor
54:15 Bimaristan
Niko
0:30 Loom
10:26 Feudal Age
11:41 Double-Bit Axe
13:29 Horse Collar
15:06 Wheelbarrow
14:28 Gold Mining
20:49 Castle Age
19:10 Stone Mining
21:24 Scale Barding Armor
21:22 Scale Mail Armor
21:34 Forging
21:38 Squires
21:53 Bow Saw
21:47 Heavy Plow
22:28 Gold Shaft Mining
23:39 Caravan
24:46 Hand Cart
24:59 Hand Cart
27:56 Husbandry
28:10 Bloodlines
28:46 Grand Trunk Road
31:39 Murder Holes
31:55 Masonry
35:58 Imperial Age
33:44 Fortified Wall
36:42 Chain Barding Armor
36:38 Chain Mail Armor
36:59 Iron Casting
41:44 Elite Skirmisher
44:03 Chemistry
43:11 Siege Engineers
43:03 Light Cavalry
HoundDog914030
12:07 Feudal Age
13:41 Double-Bit Axe
17:55 Castle Age
15:42 Loom
18:12 Wheelbarrow
19:39 Horse Collar
21:33 Bow Saw
23:01 Heavy Plow
24:27 Stone Mining
24:33 Gold Mining
24:44 Pikeman
27:06 Ballistics
27:56 Squires
27:36 Crossbowman
31:04 Hand Cart
32:11 Kamandaran
36:40 Imperial Age
34:25 Husbandry
34:44 Bloodlines
35:09 Forging
34:59 Scale Mail Armor
34:51 Fletching
35:04 Padded Archer Armor
36:02 Light Cavalry
36:56 Thumb Ring
37:13 Chain Mail Armor
37:34 Iron Casting
36:55 Bodkin Arrow
36:34 Halberdier
38:38 Leather Archer Armor
40:54 Chemistry
40:06 Masonry
41:05 Blast Furnace
40:11 Scale Barding Armor
40:37 Plate Mail Armor
41:57 Ring Archer Armor
41:38 Hussar
43:16 Heavy Camel Rider
45:08 Chain Barding Armor
49:33 Architecture
49:21 Murder Holes
50:09 Citadels
BattingBaton14
11:02 Feudal Age
10:56 Loom
17:15 Castle Age
18:14 Double-Bit Axe
18:10 Horse Collar
19:39 Wheelbarrow
27:07 Hand Cart
27:13 Bow Saw
27:06 Heavy Plow
27:42 Gold Mining
27:42 Stone Mining
29:44 Stone Shaft Mining
30:30 Pikeman
34:11 Imperial Age
33:58 Squires
33:20 Crossbowman
34:15 Forging
33:55 Fletching
35:25 Ballistics
35:52 Iron Casting
35:17 Scale Mail Armor
36:31 Chemistry
36:41 Bodkin Arrow
37:46 Blast Furnace
38:14 Bracer
38:29 Chain Mail Armor
38:15 Padded Archer Armor
39:09 Arbalester
39:55 Thumb Ring
39:50 Arson
40:59 Light Cavalry
41:50 Bloodlines
41:40 Husbandry
45:47 Plate Mail Armor
45:33 Leather Archer Armor
45:23 Scale Barding Armor
44:41 Winged Hussar
45:49 Conscription
45:43 Szlachta Privileges
46:07 Lechitic Legacy
51:23 Cavalier
Connection lost

Rejoining the realm…

Still unreachable

The connection could not be restored.

Session expired

The server has moved on; the page needs a fresh start.